 Dungeon Crawl Stone Soup version 0.24-a0-67-ga78bd38 (webtiles) character file.

Game seed: 2809211630816608137

79 galech the Skirmisher (level 4, -9/35 HPs)
             Began as a Demonspawn Fighter on Feb 5, 2019.
             Mangled by a wyvern zombie (10 damage)
             ... on level 2 of the Dungeon.
             The game lasted 00:01:33 (1037 turns).

galech the Skirmisher (Demonspawn Fighter)          Turns: 1037, Time: 00:01:34

Health: -9/35      AC:  9    Str: 17    XL:     4   Next: 16%
Magic:  4/4        EV:  4    Int:  9    God:
Gold:   91         SH:  9    Dex: 13    Spells: 3/3 levels left

rFire    + . .     SeeInvis .   a - +0 war axe
rCold    . . .     Gourm    .   c - +0 shield
rNeg     . . .     Faith    .   q - +0 chain mail
rPois    .         Spirit   .   (helmet restricted)
rElec    .         Reflect  .   (no cloak)
rCorr    .         Harm     .   (no gloves)
MR       .....                  (no boots)
Stlth    ..........             o - amulet of regeneration (curse)
HPRegen  0.51/turn              (no ring)
MPRegen  0.09/turn              (no ring)

@: no status effects
A: horns 1, fire resistance 1
a: no special abilities


You were on level 2 of the Dungeon.
You were not hungry.

You visited 1 branch of the dungeon, and saw 2 of its levels.

You collected 91 gold pieces.

Inventory:

Hand Weapons
 a - a +0 war axe (weapon)
Armour
 c - a +0 shield (worn)
 q - a +0 chain mail (worn)
Jewellery
 o - a cursed amulet of regeneration (around neck)
Scrolls
 e - a scroll of identify {unknown}
 i - a scroll of magic mapping {unknown}
 j - 2 scrolls of fear {unknown}
 k - a scroll of enchant weapon {unknown}
 l - a scroll of noise {unknown}
 m - a scroll of amnesia {unknown}
 n - 3 scrolls of teleportation {unknown}
 p - 2 scrolls of remove curse {unknown}
 r - a scroll of blinking {unknown}
Potions
 b - a potion of curing {unknown}
 d - a potion of might
 h - a potion of lignification {unknown}
Comestibles
 f - 3 rations
 g - 4 chunks of flesh


   Skills:
 + Level 3.4 Fighting
 + Level 3.0 Axes
 + Level 3.0 Armour
 + Level 0.4 Dodging
 + Level 3.1 Shields


You had 3 spell levels left.
You didn't know any spells.
Your spell library was empty.

Dungeon Overview and Level Annotations

Branches:
Dungeon (2/15)

Altars:


Innate Abilities, Weirdness & Mutations

You have a pair of small horns on your head.
Your flesh is heat resistant. (rF+)


Message History

You are too injured to fight recklessly!
You are too injured to fight recklessly!
You are too injured to fight recklessly!
You are too injured to fight recklessly!
You are too injured to fight recklessly!
You are too injured to fight recklessly!
You are too injured to fight recklessly!
You are too injured to fight recklessly!
You are too injured to fight recklessly!
You slash the wyvern zombie!
The wyvern zombie is almost destroyed.
The wyvern zombie bites you!
* * * LOW HITPOINT WARNING * * *
The wyvern zombie bites you.
* * * LOW HITPOINT WARNING * * *
Your chain mail prevents you from hitting the wyvern zombie.
The wyvern zombie is almost destroyed.
The wyvern zombie bites you but does no damage.
The wyvern zombie bites you!
You die...

#.........#..
##.######.#... ##.#.##
#.##.# ###.###.####.##.#
#####..## ##.#......#
#.....#.###.##......#
##.##.....#..........#
###...##.###.#.##......#
......Z@.# #.#.##...(...
###...#### #....<.......
##. ##..####....# ..
##...####.#### ##
##.###......... ##.##
##.##.#### #..#
#.....รท.. #..##
##.####### #.#.###.## #


You could see a wyvern zombie.

Vanquished Creatures
  Natasha (D:2)
  An ooze (D:2)
  2 worms (D:2)
  A leopard gecko (D:2)
  5 giant cockroaches (D:1)
  6 goblins
  4 hobgoblins (D:1)
  3 kobolds
  A ball python (D:1)
  4 bats
  3 frilled lizards
  12 rats
43 creatures vanquished.

Notes
Turn   | Place    | Note
-------+----------+-------------------------------------------
     0 | D:1      | galech the Demonspawn Fighter began the quest for the Orb.
     0 | D:1      | Reached XP level 1. HP: 18/18 MP: 1/1
    85 | D:1      | Gained mutation: Your flesh is heat resistant. (rF+)
                  | [demonic ancestry]
    85 | D:1      | Reached XP level 2. HP: 24/24 MP: 2/2
   268 | D:1      | Reached XP level 3. HP: 29/29 MP: 3/3
   926 | D:2      | Noticed Natasha
   932 | D:2      | Killed Natasha
   932 | D:2      | Gained mutation: You have a pair of small horns on your
                  | head. [demonic ancestry]
   932 | D:2      | Reached XP level 4. HP: 34/35 MP: 4/4
  1036 | D:2      | HP: 1/35 [wyvern zombie (4)]
  1037 | D:2      | Mangled by a wyvern zombie

Vault maps used:
D:1:      onia_arrival_larder
D:2:      uniq_crazy_yiuf_cottage, uniq_natasha

Skill      XL: |  1  2  3 |
---------------+----------+-----
Shields        | 3 |  3.1
Axes           | 2 3 |  3.0
Armour         | 3 |  3.0
Fighting       | |  3.4
Dodging        | |  0.4

Action                   |  1- 3 |  4- 6 || total
-------------------------+-------+-------++-------
Melee: War axe           |   113 |    17 ||   130
       Headbutt          |       |     2 ||     2
  Eat: Chunk             |       |     1 ||     1
Armor: Scale mail        |    39 |       ||    39
       Chain mail        |    15 |    10 ||    25
Dodge: Dodged            |    31 |     2 ||    33
Block: Shield            |    52 |     9 ||    61

Table legend:
 A = Non-vault XP
 B = Vault XP
 C = Vault XP percentage of total XP
 D = Non-vault monster count
 E = Vault monster count
 F = Vault count percentage of total count
                 A         B        C        D         E       F
            +---------+---------+-------+---------+---------+-------
      Total |      66 |      47 |  41.6 |      35 |       8 |  18.6
            +---------+---------+-------+---------+---------+-------
        D:1 |      37 |      11 |  22.9 |      24 |       7 |  22.6
        D:2 |      29 |      36 |  55.4 |      11 |       1 |   8.3
            +---------+---------+-------+---------+---------+-------
